[Event "K11"]
[Site "?"]
[Date "2021.08.04"]
[Round "6"]
[White "Reichmann, Steffen"]
[Black "Schoenmakers, Nico"]
[Result "1-0"]
[ECO "B20"]
[WhiteElo "1957"]
[BlackElo "1822"]
[Annotator ",martin-koller@seznam"]
[PlyCount "61"]
[TimeControl "240+2"]

{600MB, Fritz10.ctg} 1. e4 c5 2. a3 d6 3. b4 b6 4. Nf3 e6 5. d4 cxd4 6. Nxd4
Bd7 7. Nb5 Bxb5 8. Bxb5+ Nd7 9. O-O a6 10. Ba4 b5 11. Bb3 Ngf6 12. Qe2 Be7 13.
Bb2 O-O 14. Nd2 Nb6 15. Rfd1 Qc7 16. Rac1 Qb7 17. c4 Nxc4 18. Nxc4 bxc4 19.
Rxc4 Rfc8 20. Rcd4 Ne8 21. f4 Qb6 22. Kh1 Rab8 23. R4d3 Qb5 24. Qg4 Bf6 25. e5
dxe5 26. f5 exf5 27. Qxf5 e4 28. Rd5 Qb6 29. Rd7 Bxb2 30. Qxf7+ Kh8 31. Qf8#
1-0

[Event "K11"]
[Site "?"]
[Date "2021.08.04"]
[Round "6"]
[White "Nelson, Wayne"]
[Black "Thomasson, Staffan"]
[Result "1-0"]
[ECO "A57"]
[WhiteElo "1929"]
[BlackElo "1881"]
[Annotator ",martin-koller@seznam"]
[PlyCount "71"]
[TimeControl "240+2"]

{600MB, Fritz10.ctg} 1. d4 c5 2. d5 Nf6 3. c4 b5 4. b3 bxc4 5. bxc4 g6 6. Bb2
Bg7 7. Qc2 O-O 8. Nd2 Na6 9. a3 Rb8 10. Rb1 Qa5 11. Ngf3 d6 12. e4 Nxe4 13.
Bxg7 Rxb1+ 14. Qxb1 Nxd2 15. Nxd2 Kxg7 16. Qb2+ f6 17. Bd3 Bd7 18. O-O Rb8 19.
Qc1 Qb6 20. Re1 Kf7 21. Nf3 Rg8 22. Qh6 Qd8 23. Qxh7+ Rg7 24. Bxg6+ Kf8 25. Qh5
Nc7 26. Nh4 e5 27. dxe6 Nxe6 28. Qh8+ Rg8 29. Qh6+ Ng7 30. Bh7 Kf7 31. Bxg8+
Qxg8 32. Qg6+ Kf8 33. Qxf6+ Qf7 34. Ng6+ Kg8 35. Ne7+ Kf8 36. Qxd6 1-0

[Event "K11"]
[Site "?"]
[Date "2021.08.04"]
[Round "6"]
[White "Spindler, Markus"]
[Black "Gubin, Michail"]
[Result "1/2-1/2"]
[ECO "B22"]
[WhiteElo "1940"]
[BlackElo "1847"]
[Annotator ",martin-koller@seznam"]
[PlyCount "73"]
[TimeControl "240+2"]

{600MB, Fritz10.ctg} 1. e4 c5 2. c3 e6 3. d4 d5 4. exd5 exd5 5. Nf3 Nf6 6. Be3
Qc7 7. Bb5+ Bd7 8. Qe2 Bxb5 9. Qxb5+ Nbd7 10. O-O O-O-O 11. Na3 Ne4 12. dxc5
Bxc5 13. Bxc5 Qxc5 14. Qxc5+ Ndxc5 15. Nb5 Kb8 16. Nbd4 h5 17. Rad1 g5 18. Ne5
Rde8 19. Nd3 Nxd3 20. Rxd3 Nc5 21. Rf3 Re5 22. Rxf7 Rhe8 23. f4 gxf4 24. R7xf4
Nd3 25. Rf8 Nxb2 26. Rxe8+ Rxe8 27. h3 Na4 28. Rf3 a6 29. Kf2 Re4 30. Rd3 Nxc3
31. a3 h4 32. Kf3 Na4 33. Nf5 Nb6 34. Rxd5 Ra4 35. Rd3 Nc4 36. Ke2 Nxa3 37.
Nxh4 1/2-1/2

[Event "M11"]
[Site "?"]
[Date "2021.08.05"]
[Round "7"]
[White "Prieb, Robert"]
[Black "Hanl, Frantisek"]
[Result "1-0"]
[ECO "A57"]
[WhiteElo "2040"]
[BlackElo "2155"]
[Annotator ",martin-koller@seznam"]
[PlyCount "89"]
[TimeControl "240+2"]

{600MB, Fritz10.ctg} 1. d4 Nf6 2. c4 c5 3. d5 b5 4. Nd2 g6 5. e4 d6 6. b3 Bg7
7. Bb2 O-O 8. cxb5 Qa5 9. Qc2 e6 10. Bc3 Qd8 11. dxe6 Bxe6 12. Bd3 d5 13. Ne2
d4 14. Bb2 Nbd7 15. O-O Ng4 16. h3 Nge5 17. f4 Nxd3 18. Qxd3 Qa5 19. Rfd1 Rfc8
20. a4 f5 21. e5 Nb6 22. Rac1 Qb4 23. Rc2 Bf8 24. Ra1 c4 25. bxc4 Nxc4 26. Bxd4
Nxd2 27. Rxd2 Rd8 28. Qc3 Qe7 29. Rc1 Rac8 30. Qb2 Bc4 31. Rdc2 Qe6 32. Bxa7
Qd5 33. Qd4 Qb7 34. Qe3 Rd3 35. Qf2 Qd5 36. Kh2 Ba3 37. Ra1 Bb4 38. Be3 Rd8 39.
b6 Ba6 40. Rb1 Bd2 41. Bxd2 Rxd2 42. Rxd2 Qxd2 43. b7 Rb8 44. Qa7 Rxb7 45. Qa8+
1-0

[Event "M11"]
[Site "?"]
[Date "2021.08.05"]
[Round "7"]
[White "Hurtak, Otto"]
[Black "Hansch, Stephan"]
[Result "0-1"]
[ECO "B21"]
[WhiteElo "2033"]
[BlackElo "2149"]
[Annotator ",martin-koller@seznam"]
[PlyCount "62"]
[TimeControl "240+2"]

{600MB, Fritz10.ctg} 1. e4 c5 2. d4 cxd4 3. c3 dxc3 4. Nxc3 Nc6 5. Nf3 e6 6.
Bc4 Bb4 7. O-O Nge7 8. Bf4 a6 9. Rc1 O-O 10. e5 Ng6 11. Bg3 b5 12. Bd3 Bxc3 13.
Rxc3 Bb7 14. h4 Nb4 15. h5 Ne7 16. h6 g6 17. Bh4 Nbd5 18. Rc5 Qb6 19. Qc1 d6
20. Bxe7 Nxe7 21. Qg5 f6 22. exf6 Qxc5 23. fxe7 Rxf3 24. Qxc5 dxc5 25. gxf3
Bxf3 26. Re1 Kf7 27. a4 c4 28. Be4 Bxe4 29. Rxe4 Kxe7 30. axb5 axb5 31. Re5 Rb8
0-1

[Event "M11"]
[Site "?"]
[Date "2021.08.05"]
[Round "7"]
[White "Hansch, Torsten"]
[Black "Wust, Klaus"]
[Result "1-0"]
[ECO "D96"]
[WhiteElo "2096"]
[BlackElo "1999"]
[Annotator ",martin-koller@seznam"]
[PlyCount "72"]
[TimeControl "240+2"]

{600MB, Fritz10.ctg} 1. d4 Nf6 2. c4 g6 3. Nc3 d5 4. Nf3 Bg7 5. Qb3 dxc4 6.
Qxc4 a6 7. e4 b5 8. Qb3 Bb7 9. e5 Nd5 10. a4 b4 11. Bc4 e6 12. Nxd5 Bxd5 13.
Bxd5 Qxd5 14. Qxb4 Nc6 15. Qc3 Rb8 16. Be3 Rb3 17. Qc1 O-O 18. O-O Rfb8 19. Rb1
R8b7 20. Rd1 Ne7 21. Qc2 Qa5 22. Nd2 R3b4 23. b3 Qd5 24. Nc4 Nf5 25. Qd3 h5 26.
Bd2 Bf8 27. Bxb4 Bxb4 28. Ne3 Nxe3 29. fxe3 a5 30. Rbc1 c6 31. Rc4 Rb8 32. Rc2
Rc8 33. e4 Qd7 34. d5 exd5 35. exd5 c5 36. e6 Qe8 1-0

[Event "M11"]
[Site "?"]
[Date "2021.08.05"]
[Round "7"]
[White "Hentzgen, Thomas"]
[Black "Hansch, Karsten"]
[Result "0-1"]
[ECO "D36"]
[WhiteElo "2024"]
[BlackElo "2300"]
[Annotator ",martin-koller@seznam"]
[PlyCount "110"]
[TimeControl "240+2"]

{600MB, Fritz10.ctg} 1. d4 d5 2. c4 e6 3. Nf3 Nf6 4. Nc3 Be7 5. cxd5 exd5 6.
Bg5 c6 7. Qc2 g6 8. e3 Bf5 9. Qb3 Qb6 10. Nd2 Nbd7 11. Be2 O-O 12. O-O Rfe8 13.
Rfe1 Bd6 14. Bh4 Qc7 15. Nf1 Qb6 16. Nd2 Kg7 17. a3 h6 18. Qxb6 axb6 19. Nf1 b5
20. Bg3 Bf8 21. Nd2 Kg8 22. h3 Nb6 23. Be5 Nfd7 24. Bf4 g5 25. Bc7 Nc4 26. Nxc4
bxc4 27. Bg4 Bxg4 28. hxg4 b5 29. Kf1 Ra7 30. Bg3 Rea8 31. Rac1 b4 32. axb4
Bxb4 33. Re2 Nb6 34. f3 Ra1 35. Rec2 f6 36. Be1 Kf7 37. Ke2 Bxc3 38. bxc3 Rxc1
39. Rxc1 Ra2+ 40. Bd2 Na4 41. Ke1 Ke6 42. e4 Nb2 43. Ke2 Nd3 44. Rb1 Nf4+ 45.
Kd1 Nxg2 46. Rb6 Kd6 47. Rb8 Nh4 48. Rf8 Ke7 49. Rc8 Nxf3 50. Bc1 Nh2 51. Rxc6
Nxg4 52. exd5 Nf2+ 53. Ke1 Nd3+ 54. Kd1 Ra1 55. Rxc4 Nb2+ 0-1

[Event "M11"]
[Site "?"]
[Date "2021.08.05"]
[Round "7"]
[White "Hartwig, Maik"]
[Black "Vesely, Jaromir"]
[Result "0-1"]
[ECO "A00"]
[WhiteElo "2099"]
[BlackElo "1947"]
[Annotator ",martin-koller@seznam"]
[PlyCount "74"]
[TimeControl "240+2"]

{600MB, Fritz10.ctg} 1. g3 d5 2. Bg2 e5 3. b3 c6 4. Bb2 Bd6 5. f4 Nd7 6. Nf3
Qe7 7. fxe5 Nxe5 8. O-O f5 9. c4 dxc4 10. bxc4 Nxc4 11. Bc3 Nh6 12. Nd4 Ne5 13.
Qb3 Qf7 14. Qxf7+ Kxf7 15. e4 Rf8 16. Nxf5 Nxf5 17. exf5 Kg8 18. Be4 Bd7 19.
Bxe5 Bxe5 20. Nc3 Rae8 21. Rae1 Bd4+ 22. Kg2 Re5 23. g4 b5 24. Bc2 Rfe8 25.
Rxe5 Rxe5 26. Rf4 c5 27. Be4 Kf7 28. Kf3 b4 29. Nd5 a5 30. Nc7 a4 31. Ne6 Ke7
32. Nxd4 cxd4 33. Bd3 Bc6+ 34. Kf2 Rd5 35. Be4 Kd6 36. Bxd5 Bxd5 37. d3 Ke5 neèitelné 0-1

[Event "K11"]
[Site "?"]
[Date "2021.08.05"]
[Round "7"]
[White "Hapke, Ralf"]
[Black "Reichmann, Steffen"]
[Result "1/2-1/2"]
[ECO "B07"]
[WhiteElo "1809"]
[BlackElo "1957"]
[Annotator ",martin-koller@seznam"]
[PlyCount "32"]
[TimeControl "240+2"]

{600MB, Fritz10.ctg} 1. d4 d6 2. e4 Nf6 3. Nc3 g6 4. Be3 c6 5. Qd2 b5 6. f3 Qc7
7. h4 Nh5 8. Nce2 Nd7 9. g4 Nhf6 10. Bg2 Nb6 11. b3 Bb7 12. Nh3 e5 13. O-O h5
14. g5 Nfd7 15. c3 Bg7 16. Rad1 O-O 1/2-1/2

[Event "K11"]
[Site "?"]
[Date "2021.08.05"]
[Round "7"]
[White "Schimmer, Michael"]
[Black "Becvar, Pavel"]
[Result "1-0"]
[ECO "C81"]
[WhiteElo "1798"]
[BlackElo "1679"]
[Annotator ",martin-koller@seznam"]
[PlyCount "57"]
[TimeControl "240+2"]

{600MB, Fritz10.ctg} 1. e4 e5 2. Nf3 Nc6 3. Bb5 a6 4. Ba4 Nf6 5. O-O Nxe4 6. d4
b5 7. Bb3 d5 8. dxe5 Be6 9. Qe2 Na5 10. a4 Nxb3 11. cxb3 b4 12. Nd4 c5 13. Nxe6
fxe6 14. Qg4 c4 15. Qxe6+ Be7 16. bxc4 Nc5 17. Qxd5 Qxd5 18. cxd5 Rf8 19. d6
Bd8 20. Be3 Nd3 21. Bd4 Rc8 22. e6 Rc2 23. e7 Bxe7 24. dxe7 Rf7 25. Be3 Rf5 26.
b3 h5 27. Nd2 Rc6 28. Nf3 Rg6 29. Nh4 1-0

[Event "K11"]
[Site "?"]
[Date "2021.08.05"]
[Round "7"]
[White "Thomasson, Staffan"]
[Black "Hozda, Max"]
[Result "1/2-1/2"]
[ECO "B38"]
[WhiteElo "1881"]
[BlackElo "1701"]
[Annotator ",martin-koller@seznam"]
[PlyCount "76"]
[TimeControl "240+2"]

{600MB, Fritz10.ctg} 1. c4 Nf6 2. Nc3 c5 3. Nf3 Nc6 4. d4 cxd4 5. Nxd4 g6 6. e4
d6 7. Be2 Bg7 8. Be3 a6 9. O-O O-O 10. Qb3 Nd7 11. Rad1 Nxd4 12. Bxd4 Bxd4 13.
Rxd4 Nc5 14. Qc2 Ne6 15. Rd2 f6 16. b4 b6 17. f4 Qc7 18. f5 Ng7 19. fxg6 hxg6
20. Nd5 Qa7 21. Nf4 g5 22. Ng6 Rd8 23. h4 gxh4 24. e5 Bf5 25. Rxf5 Nxf5 26.
Qxf5 dxe5 27. Rxd8+ Rxd8 28. Qe6+ Kg7 29. Nxe7 Qd7 30. Nf5+ Kg6 31. Nxh4+ Kg7
32. Qxb6 Qd2 33. Bf1 Rd4 34. Nf5+ Kg6 35. Nxd4 Qe3+ 36. Kh2 Qh6+ 37. Kg3 Qf4+
38. Kh3 Qh6+ 1/2-1/2

[Event "K11"]
[Site "?"]
[Date "2021.08.05"]
[Round "7"]
[White "Schoenmakers, Nico"]
[Black "Spindler, Markus"]
[Result "1/2-1/2"]
[ECO "C01"]
[WhiteElo "1822"]
[BlackElo "1940"]
[Annotator ",martin-koller@seznam"]
[PlyCount "87"]
[TimeControl "240+2"]

{600MB, Fritz10.ctg} 1. e4 e6 2. d4 d5 3. exd5 exd5 4. Nf3 Nf6 5. h3 Bd6 6. Bd3
O-O 7. O-O c6 8. Re1 Be6 9. Nbd2 Nbd7 10. Nf1 h6 11. c3 Re8 12. Bd2 Qb6 13. Qc2
c5 14. Rac1 c4 15. Be2 Qc7 16. b4 Re7 17. Ra1 Rae8 18. Ne3 Ne4 19. Bf1 Ndf6 20.
a4 a6 21. a5 Kh8 22. Nd1 Bd7 23. Nb2 Nxd2 24. Qxd2 Ne4 25. Qc2 Bf5 26. Na4 Bg6
27. Qb2 Ng5 28. Ne5 Bxe5 29. Rxe5 Rxe5 30. dxe5 Qxe5 31. Nc5 Re7 32. Rd1 Ne6
33. Na4 Nf4 34. Nc5 Bf5 35. Qd2 g5 36. Kh1 f6 37. Kg1 Kg7 38. Kh1 h5 39. Kg1 g4
40. h4 Kh7 41. g3 Ne6 42. Re1 Be4 43. Nxe4 dxe4 44. Bxc4 1/2-1/2

[Event "K11"]
[Site "?"]
[Date "2021.08.05"]
[Round "7"]
[White "Gubin, Michail"]
[Black "Nelson, Wayne"]
[Result "1-0"]
[ECO "A03"]
[WhiteElo "1847"]
[BlackElo "1929"]
[Annotator ",martin-koller@seznam"]
[PlyCount "95"]
[TimeControl "240+2"]

{600MB, Fritz10.ctg} 1. f4 d5 2. g3 c5 3. Bg2 Nc6 4. Nf3 Nf6 5. d3 e6 6. O-O g6
7. Nc3 Bg7 8. a3 O-O 9. Qe1 a6 10. e4 dxe4 11. dxe4 Qc7 12. e5 Nd5 13. Be3 Nce7
14. Ne4 b6 15. Bf2 Nc6 16. c4 Nde7 17. g4 Bb7 18. Bh4 Rad8 19. Nf6+ Kh8 20. Bg5
Ng8 21. Nxg8 Kxg8 22. Bxd8 Rxd8 23. Rd1 Nd4 24. Nxd4 cxd4 25. Bxb7 Qxb7 26. Rd3
Qc6 27. b3 Bf8 28. a4 a5 29. Qh4 Rd7 30. Qg3 Rd8 31. Qg2 Qd7 32. Qe4 Bc5 33.
Kg2 Re8 34. Rff3 Qe7 35. Rh3 Kg7 36. g5 Qd7 37. Rhg3 Rh8 38. h4 h5 39. gxh6+
Rxh6 40. Rg4 Rh8 41. Kg3 Rh5 42. Rg5 Rxg5+ 43. fxg5 Kg8 44. Kg4 Kg7 45. Rh3 Qd8
46. h5 Qg8 47. hxg6 fxg6 48. Qb7+ 1-0

[Event "M11"]
[Site "?"]
[Date "2021.08.05"]
[Round "8"]
[White "Hansch, Stephan"]
[Black "Henztgen, Thomas"]
[Result "1/2-1/2"]
[ECO "A40"]
[WhiteElo "2149"]
[BlackElo "2024"]
[Annotator ",martin-koller@seznam"]
[PlyCount "21"]
[TimeControl "240+2"]

{600MB, Fritz10.ctg} 1. d4 e6 2. c4 b6 3. a3 Bb7 4. d5 f5 5. Nc3 Nf6 6. g3 Bd6
7. Nf3 O-O 8. Bg2 Na6 9. O-O Nc5 10. Bg5 h6 11. Bxf6 1/2-1/2

[Event "M11"]
[Site "?"]
[Date "2021.08.05"]
[Round "8"]
[White "Wust, Klaus"]
[Black "Prieb, Robert"]
[Result "1/2-1/2"]
[ECO "B51"]
[WhiteElo "1999"]
[BlackElo "2040"]
[Annotator ",martin-koller@seznam"]
[PlyCount "33"]
[TimeControl "240+2"]

{600MB, Fritz10.ctg} 1. e4 c5 2. Nf3 d6 3. Bb5+ Nd7 4. d4 cxd4 5. Qxd4 a6 6.
Bxd7+ Bxd7 7. Nc3 Nf6 8. Bg5 e6 9. O-O-O h6 10. Bh4 Be7 11. e5 dxe5 12. Nxe5
Bc6 13. Nxc6 bxc6 14. Qxd8+ Rxd8 15. Rxd8+ Kxd8 16. Rd1+ Kc8 17. f3 1/2-1/2

[Event "M11"]
[Site "?"]
[Date "2021.08.05"]
[Round "8"]
[White "Vesely, Jaromir"]
[Black "Hansch, Karsten"]
[Result "1-0"]
[ECO "D58"]
[WhiteElo "1947"]
[BlackElo "2300"]
[Annotator ",martin-koller@seznam"]
[PlyCount "55"]
[TimeControl "240+2"]

{600MB, Fritz10.ctg} 1. d4 d5 2. c4 e6 3. Nc3 Be7 4. Nf3 Nf6 5. Bg5 h6 6. Bh4
O-O 7. e3 Nbd7 8. Bd3 c5 9. O-O b6 10. Qe2 Bb7 11. Rad1 Ne4 12. Bg3 cxd4 13.
exd4 Nxg3 14. hxg3 Nf6 15. cxd5 Nxd5 16. Bb1 Rc8 17. Qd3 Nf6 18. Ne5 Qc7 19.
Ng4 Rfd8 20. Nxf6+ Bxf6 21. Qh7+ Kf8 22. d5 Bxc3 23. bxc3 Bxd5 24. Qh8+ Ke7 25.
Qxg7 Qxc3 26. Qxh6 Rh8 27. Qg5+ Qf6 28. Rxd5 1-0

[Event "M11"]
[Site "?"]
[Date "2021.08.05"]
[Round "8"]
[White "Hanl, Frantisek"]
[Black "Hurtak, Otto"]
[Result "0-1"]
[ECO "B27"]
[WhiteElo "2155"]
[BlackElo "2033"]
[Annotator ",martin-koller@seznam"]
[PlyCount "75"]
[TimeControl "240+2"]

{600MB, Fritz10.ctg} 1. e4 c5 2. Nf3 g6 3. c3 d5 4. e5 Bg4 5. d4 cxd4 6. cxd4
Nc6 7. Be2 e6 8. Nbd2 Bh6 9. Nb3 Bxc1 10. Rxc1 Nge7 11. h3 Bxf3 12. Bxf3 h5 13.
Qd2 Qb6 14. g4 hxg4 15. hxg4 Rxh1+ 16. Bxh1 Rc8 17. Rc3 a5 18. Nc5 Qb4 19. Rh3
Kd8 20. Qxb4 axb4 21. Nb3 Kc7 22. Rh7 Ra8 23. Kd2 Rxa2 24. Kc1 Nd8 25. Bf3 Nec6
26. Be2 Na5 27. Kb1 Nxb3 28. Kxa2 Nc1+ 29. Kb1 Nxe2 30. Rh3 Nxd4 31. Rd3 N4c6
32. Re3 g5 33. Kc2 Kd7 34. Kb3 b5 35. Re1 Nb7 36. f3 Ke7 37. Rc1 neèitelné
0-1

[Event "K11"]
[Site "?"]
[Date "2021.08.05"]
[Round "8"]
[White "Thomasson, Staffan"]
[Black "Gubin, Michail"]
[Result "0-1"]
[ECO "A85"]
[WhiteElo "1881"]
[BlackElo "1847"]
[Annotator ",martin-koller@seznam"]
[PlyCount "76"]
[TimeControl "240+2"]

{600MB, Fritz10.ctg} 1. c4 f5 2. d4 Nf6 3. Nc3 g6 4. Bg5 Bg7 5. h4 h6 6. Bf4 c5
7. d5 Nh5 8. e3 Qa5 9. Qd2 O-O 10. Nf3 d6 11. Bd3 Nd7 12. O-O-O a6 13. g3 b5
14. cxb5 axb5 15. Nxb5 Qxa2 16. Nc3 Qb3 17. Bb1 Ba6 18. Rhe1 Nb6 19. e4 Nc4 20.
Qc2 Qb4 21. e5 Rfb8 22. exd6 exd6 23. Re6 Nxf4 24. gxf4 Nxb2 25. Rxg6 Qxf4+ 26.
Qd2 Qxf3 27. Rdg1 Rb7 28. R1g3 Qh1+ 29. Rg1 Qxh4 30. Bxf5 Kh8 31. R6g4 Qh5 32.
Be6 Nd3+ 33. Kc2 Rb2+ 34. Kd1 Rxd2+ 35. Kxd2 Nxf2 36. Rxg7 Qe5 37. R7g6 Qd4+
38. Ke1 Qe3+ 0-1

[Event "K11"]
[Site "?"]
[Date "2021.08.05"]
[Round "8"]
[White "Reichmann, Steffen"]
[Black "Schimmer, Michael"]
[Result "1/2-1/2"]
[ECO "B23"]
[WhiteElo "1957"]
[BlackElo "1798"]
[Annotator ",martin-koller@seznam"]
[PlyCount "55"]
[TimeControl "240+2"]

{600MB, Fritz10.ctg} 1. e4 c5 2. Nc3 e6 3. f4 d6 4. Nf3 Nc6 5. Bb5 Bd7 6. d4
cxd4 7. Nxd4 Nf6 8. Be3 Be7 9. O-O O-O 10. Qe2 Qa5 11. Nb3 Qc7 12. Rad1 a6 13.
Bd3 Nb4 14. Bc1 b5 15. e5 dxe5 16. fxe5 Nfd5 17. Qe4 Nxd3 18. Rxd3 f5 19. exf6
Nxf6 20. Qe2 e5 21. Nd5 Nxd5 22. Rxf8+ Rxf8 23. Rxd5 Bf6 24. Be3 Be6 25. Rd1
Bc4 26. Qd2 Rd8 27. Qc1 Rxd1+ 28. Qxd1 1/2-1/2

[Event "K11"]
[Site "?"]
[Date "2021.08.05"]
[Round "8"]
[White "Spindler, Markus"]
[Black "Hapke, Ralf"]
[Result "1/2-1/2"]
[ECO "B01"]
[WhiteElo "1940"]
[BlackElo "1809"]
[Annotator ",martin-koller@seznam"]
[PlyCount "69"]
[TimeControl "240+2"]

{600MB, Fritz10.ctg} 1. e4 d5 2. exd5 Nf6 3. d4 Qxd5 4. Nc3 Qa5 5. Nf3 Bf5 6.
Bc4 e6 7. O-O c6 8. Bf4 Be7 9. Re1 Nbd7 10. h3 O-O 11. Bd3 Bxd3 12. Qxd3 Nd5
13. Nxd5 cxd5 14. Qb3 Qb4 15. c3 Qxb3 16. axb3 a5 17. Ra2 Rfc8 18. Rea1 Bd8 19.
Kf1 b5 20. Nd2 Rc6 21. b4 a4 22. Nb3 Bb6 23. Nc5 Bxc5 24. bxc5 f6 25. Ke1 Kf7
26. Kd1 e5 27. Bg3 Ke6 28. b3 Rca6 29. bxa4 Rxa4 30. Rxa4 Rxa4 31. Rxa4 bxa4
32. Kc2 Nb8 33. f3 Nc6 34. Bf2 Na5 35. Be3 1/2-1/2

[Event "K11"]
[Site "?"]
[Date "2021.08.05"]
[Round "8"]
[White "Hozda, Max"]
[Black "Becvar, Pavel"]
[Result "1-0"]
[ECO "A25"]
[WhiteElo "1730"]
[BlackElo "1662"]
[Annotator ",martin-koller@seznam"]
[PlyCount "73"]
[TimeControl "240+2"]

{600MB, Fritz10.ctg} 1. c4 e5 2. Nc3 Nf6 3. g3 Nc6 4. Bg2 Bb4 5. e3 O-O 6. Nge2
Bxc3 7. Nxc3 Ne7 8. b3 Ng6 9. Bb2 d6 10. O-O c6 11. d4 exd4 12. Qxd4 c5 13. Qd2
Rb8 14. Nb5 Be6 15. Qxd6 Qxd6 16. Nxd6 Rfd8 17. Nxb7 Rd2 18. Bxf6 gxf6 19. Nxc5
Ne5 20. Ne4 Rc2 21. Nxf6+ Kg7 22. Nd5 Ng4 23. h3 Ne5 24. Rfc1 Rd2 25. Rd1 Rb2
26. Kf1 Nc6 27. Rdb1 Rxb1+ 28. Rxb1 Bxd5 29. cxd5 Nb4 30. Rb2 Rc8 31. a3 Nd3
32. Rd2 Rc1+ 33. Ke2 Nc5 34. b4 Na4 35. d6 Nc3+ 36. Kf3 Nb5 37. d7 1-0

[Event "K11"]
[Site "?"]
[Date "2021.08.05"]
[Round "8"]
[White "Nelson, Wayne"]
[Black "Schoenmakers, Nico"]
[Result "1/2-1/2"]
[ECO "D37"]
[WhiteElo "1929"]
[BlackElo "1882"]
[Annotator ",martin-koller@seznam"]
[PlyCount "67"]
[TimeControl "240+2"]

{600MB, Fritz10.ctg} 1. d4 d5 2. Nf3 e6 3. Bf4 Nf6 4. e3 c6 5. c4 Nbd7 6. Nc3
Be7 7. Bd3 dxc4 8. Bxc4 b5 9. Bd3 a6 10. O-O c5 11. Ne4 c4 12. Bc2 O-O 13. Qe2
Bb7 14. Nd6 Bxd6 15. Bxd6 Re8 16. h3 Ne4 17. Bh2 Rc8 18. Rfc1 Qe7 19. Ne5 Nxe5
20. Bxe5 Nf6 21. f3 Nd7 22. Bh2 e5 23. dxe5 Nxe5 24. Bf5 Rcd8 25. Rd1 g6 26.
Bc2 Nd3 27. Bxd3 cxd3 28. Rxd3 Rxd3 29. Qxd3 Qxe3+ 30. Qxe3 Rxe3 31. Kf2 Rd3
32. Ke2 Rd7 33. Rc1 f6 34. Rc7 1/2-1/2

[Event "M11"]
[Site "?"]
[Date "2021.08.06"]
[Round "9"]
[White "Prieb, Robert"]
[Black "Hartwig, Maik"]
[Result "1-0"]
[ECO "B09"]
[WhiteElo "1950"]
[BlackElo "2099"]
[Annotator ",martin-koller@seznam"]
[PlyCount "54"]
[TimeControl "240+2"]

{600MB, Fritz10.ctg} 1. d4 g6 2. e4 Bg7 3. Nc3 d6 4. f4 Nf6 5. Nf3 O-O 6. Bd3
Bg4 7. h3 Bxf3 8. Qxf3 Nc6 9. Be3 e5 10. dxe5 dxe5 11. f5 Nd4 12. Qf2 gxf5 13.
exf5 b5 14. O-O b4 15. Ne4 Qd5 16. Qh4 Qc6 17. Bg5 Nxe4 18. Bxe4 Qb6 19. Kh2 f6
20. Bxa8 Rxa8 21. Be3 c5 22. Qf2 Bf8 23. g4 Bd6 24. Bxd4 cxd4 25. g5 e4+ 26.
Kh1 fxg5 27. Qg2 Bf4 1-0

[Event "M11"]
[Site "?"]
[Date "2021.08.06"]
[Round "9"]
[White "Hurtak, Otto"]
[Black "Wust, Otto"]
[Result "1/2-1/2"]
[ECO "D42"]
[WhiteElo "2015"]
[BlackElo "1999"]
[Annotator ",martin-koller@seznam"]
[PlyCount "74"]
[TimeControl "240+2"]

{600MB, Fritz10.ctg} 1. e4 c6 2. d4 d5 3. exd5 cxd5 4. c4 Nf6 5. Nc3 e6 6. Nf3
Be7 7. cxd5 Nxd5 8. Bd3 O-O 9. O-O a6 10. Re1 Nc6 11. a3 b5 12. Nxd5 Qxd5 13.
Be4 Qd7 14. Ne5 Nxe5 15. Bxa8 Nc4 16. b3 Nb6 17. Bf3 Bf6 18. Be3 Rd8 19. Ra2
Qd6 20. Qc1 Nd5 21. Qc5 Qb8 22. Bxd5 Rxd5 23. Bf4 Qa8 24. Qc7 Bxd4 25. Rc2 Bb7
26. Qb8+ Qxb8 27. Bxb8 Bb6 28. Bf4 g5 29. Be3 Bxe3 30. fxe3 Rd3 31. Rb2 Bd5 32.
b4 f5 33. Kf2 Rxa3 34. Rc1 Bc4 35. Rd1 Bd5 36. Rc1 Bc4 37. Rd1 Bd5 1/2-1/2

[Event "M11"]
[Site "?"]
[Date "2021.08.06"]
[Round "9"]
[White "Hansch, Torsten"]
[Black "Vesely, Jaromir"]
[Result "1/2-1/2"]
[ECO "A84"]
[WhiteElo "2110"]
[BlackElo "1947"]
[Annotator ",martin-koller@seznam"]
[PlyCount "52"]
[TimeControl "240+2"]

{600MB, Fritz10.ctg} 1. d4 e6 2. c4 d5 3. Nf3 c6 4. e3 f5 5. Be2 Nf6 6. O-O Bd6
7. b3 Qe7 8. a4 O-O 9. Ba3 Bd7 10. Bxd6 Qxd6 11. Nbd2 Be8 12. Ne5 Nbd7 13. f4
Ne4 14. Nxe4 fxe4 15. c5 Qe7 16. Nxd7 Bxd7 17. b4 g5 18. Qe1 gxf4 19. Rxf4 Rxf4
20. Qg3+ Kh8 21. Qxf4 Rf8 22. Qe5+ Qg7 23. Qxg7+ Kxg7 24. Rf1 Rxf1+ 25. Kxf1
Kf6 26. Bg4 Ke7 1/2-1/2

[Event "M11"]
[Site "?"]
[Date "2021.08.06"]
[Round "9"]
[White "Hentzgen, Thomas"]
[Black "Hanl, Frantisek"]
[Result "0-1"]
[ECO "E90"]
[WhiteElo "2030"]
[BlackElo "2155"]
[Annotator ",martin-koller@seznam"]
[PlyCount "78"]
[TimeControl "240+2"]

{600MB, Fritz10.ctg} 1. d4 Nf6 2. c4 g6 3. Nc3 Bg7 4. e4 d6 5. h3 O-O 6. Bg5
Nbd7 7. Nf3 c6 8. Be2 Qc7 9. Qd2 Re8 10. Bh6 Bh8 11. g4 e5 12. d5 Nc5 13. Ng5
cxd5 14. cxd5 Bd7 15. O-O Qb6 16. Kg2 Bg7 17. Bxg7 Kxg7 18. Bd3 h6 19. Nf3 Rac8
20. Rab1 Rc7 21. Ne1 Nxd3 22. Qxd3 g5 23. Nc2 Nh7 24. Ne3 Nf8 25. Nf5+ Kh7 26.
Qe3 Qa6 27. h4 Ng6 28. hxg5 Nf4+ 29. Kg3 Bxf5 30. gxf5 hxg5 31. Rh1+ Kg7 32.
Rh2 Rec8 33. Qe1 Qd3+ 34. f3 Rxc3 35. bxc3 Rxc3 36. Qh1 Ne2+ 37. Kg4 Qxe4+ 38.
fxe4 Rg3+ 39. Kh5 Nf4# 0-1

[Event "K11"]
[Site "?"]
[Date "2021.08.06"]
[Round "9"]
[White "Hapke, Ralf"]
[Black "Nelson, Wayne"]
[Result "1/2-1/2"]
[ECO "A25"]
[WhiteElo "1809"]
[BlackElo "1929"]
[Annotator ",martin-koller@seznam"]
[PlyCount "29"]
[TimeControl "240+2"]

{600MB, Fritz10.ctg} 1. c4 e5 2. g3 Nc6 3. Nc3 Bc5 4. Bg2 Nf6 5. h3 a6 6. d3 d6
7. e4 Bd7 8. Nge2 Nd4 9. Nd5 Nxd5 10. cxd5 O-O 11. Be3 Nxe2 12. Qxe2 Bxe3 13.
Qxe3 c6 14. dxc6 Bxc6 15. O-O 1/2-1/2

[Event "K11"]
[Site "?"]
[Date "2021.08.06"]
[Round "9"]
[White "Becvar, Pavel"]
[Black "Reichmann, Steffen"]
[Result "0-1"]
[ECO "B09"]
[WhiteElo "1662"]
[BlackElo "1957"]
[Annotator ",martin-koller@seznam"]
[PlyCount "50"]
[TimeControl "240+2"]

{600MB, Fritz10.ctg} 1. e4 d6 2. d4 Nf6 3. Nc3 g6 4. f4 Bg7 5. Nf3 O-O 6. e5
dxe5 7. fxe5 Nd5 8. h4 Bg4 9. Be2 c5 10. h5 cxd4 11. Qxd4 Bxf3 12. Bxf3 Nxc3
13. Qxc3 Nc6 14. hxg6 hxg6 15. Bxc6 bxc6 16. Qh3 Qa5+ 17. c3 Qxe5+ 18. Be3 Rfd8
19. O-O Rd3 20. Rae1 Qd6 21. Qh4 Rb8 22. Bh6 Qc5+ 23. Kh1 Rd5 24. Be3 Qd6 25.
Qf2 Rh5+ 0-1

[Event "K11"]
[Site "?"]
[Date "2021.08.06"]
[Round "9"]
[White "Schoenmakers, Nico"]
[Black "Thomasson, Staffan"]
[Result "1/2-1/2"]
[ECO "B01"]
[WhiteElo "1822"]
[BlackElo "1881"]
[Annotator ",martin-koller@seznam"]
[PlyCount "120"]
[TimeControl "240+2"]

{600MB, Fritz10.ctg} 1. e4 d5 2. exd5 Qxd5 3. Nc3 Qd6 4. Bc4 Nf6 5. d3 a6 6. a3
Nc6 7. Bd2 Ne5 8. Bb3 Bg4 9. f3 Bh5 10. Qe2 Nc6 11. O-O-O Nd4 12. Qe3 Nxb3+ 13.
cxb3 Nd5 14. Qg5 Nxc3 15. Bxc3 Bg6 16. Ne2 f6 17. Qe3 Bf7 18. b4 e6 19. g3 Be7
20. Rhe1 O-O 21. f4 c5 22. bxc5 Qxc5 23. Qxc5 Bxc5 24. Kb1 b5 25. Nd4 Rfe8 26.
b4 Bb6 27. Kb2 Rad8 28. Nb3 Bf2 29. Rf1 Bh5 30. Ra1 Ba7 31. d4 Be2 32. Rfc1 Bc4
33. Nc5 Rd6 34. Rd1 Bd5 35. Rd2 h5 36. Re2 Kf7 37. Re3 Kg6 38. h3 Kf5 39. Rg1
Rc6 40. Ree1 Bb8 41. Bd2 Rh8 42. Re2 Bd6 43. Rf2 Kg6 44. Re2 Kf7 45. Rc1 e5 46.
fxe5 fxe5 47. Nd7 exd4 48. Ne5+ Bxe5 49. Rxe5 Bg2 50. h4 d3 51. Rf5+ Rf6 52.
Rxf6+ Kxf6 53. Bc3+ Kf7 54. Rd1 Rd8 55. Rd2 Be4 56. Be5 Ke6 57. Bf4 g6 58. Bg5
Rc8 59. Bf4 Kd5 60. Be3 Bf5 1/2-1/2